 Dungeon Crawl Stone Soup version 0.31-a0-188-g5e087ee2ca (webtiles) character file.

Game seed: 1231752717936455520

226 qw the Skirmisher (level 5, -2/28 (30) HPs)
             Began as a Deep Elf Hunter on June 22, 2023.
             Slain by an orc priest
             ... wielding a +1 morningstar of draining
              (11 damage)
             ... on level 3 of the Dungeon.
             The game lasted 00:00:44 (1874 turns).

qw the Skirmisher (Deep Elf Hunter)                 Turns: 1874, Time: 00:00:45

HP:   -2/28 (30)    AC:  5    Str: 10    XL:     5   Next: 69%
MP:   7/7           EV: 11    Int: 14    God:
Gold: 99            SH:  0    Dex: 18    Spells: 4/4 levels left

rFire   . . .        Y - +0 shortbow
rCold   . . .        (shield currently unavailable)
rNeg    . . .        h - +0 ring mail
rPois   .            (no helmet)
rElec   .            (no cloak)
rCorr   .            (no gloves)
SInv    .            (no boots)
Will    .....        (no amulet)
Stlth   +            (no ring)
HPRegen 0.24/turn    (no ring)
MPRegen 0.10/turn

%: no passive effects
@: drained
A: no striking features
a: no special abilities


You were on level 3 of the Dungeon.
You visited 1 branch of the dungeon, and saw 3 of its levels.

You collected 127 gold pieces.
You spent 28 gold pieces at shops.


   Skills:
 - Level 2.0 Fighting
 + Level 9.0 Ranged Weapons
 - Level 2.4 Dodging
 - Level 1.2 Stealth


You had 4 spell levels left.
You didn't know any spells.
Your spell library was empty.

Inventory:

Hand Weapons
 Y - a +0 shortbow (weapon)
Armour
 h - a +0 ring mail (worn)
Scrolls
 a - 3 scrolls of teleportation
 e - 2 scrolls of identify
Potions
 b - 2 potions of brilliance {unknown}
 c - a potion of heal wounds
 d - 2 potions of cancellation
 f - a potion of might {unknown}
 g - a potion of magic {unknown}
 i - a potion of curing
 j - a potion of attraction {unknown}

Dungeon Overview and Level Annotations

Branches:
Dungeon (3/15)

Altars:
Xom

Shops:
D:3 *


Message History

An orc priest comes into view.
It is wielding a +1 morningstar of draining.
An orc wizard comes into view. It is wielding a +0 dagger.
The orc priest shouts!
Enter note:
Enter note:
Enter note:
Enter note:
Enter note:
Enter note:
1866 ||| Stepping ~*~*~tactically~*~*~ (outnumbered).
You shoot an arrow. The arrow hits the orc!
You kill the orc!
You shoot an arrow.
The arrow hits the orc priest but does no damage.
You shoot an arrow.
The arrow hits the orc priest but does no damage.
The orc priest barely misses you.
You shoot an arrow. The arrow barely misses the orc priest.
The arrow closely misses the kobold.
The orc priest looks satisfied for a moment.
You shoot an arrow. The arrow hits the orc priest.
The orc priest is lightly wounded.
The orc priest barely misses you.
You shoot an arrow. The arrow hits the orc priest.
The orc priest is heavily wounded.
The orc priest hits you with a +1 morningstar of draining!
You feel drained.
You shoot an arrow.
The arrow closely misses the orc priest.
The arrow closely misses the kobold.
The arrow closely misses the orc wizard.
The orc priest hits you with a +1 morningstar of draining.
You feel drained.
You shoot an arrow. The arrow barely misses the orc priest.
The arrow hits the kobold.
You kill the kobold!
You hear a shout!
An orc comes into view. It is wielding a +0 whip.
The orc priest hits you with a +1 morningstar of draining!
You die... ####.#####.. ..# # ## #.# ..# .# .###.# # #.# .# #..).# #o#.#K. ##.######### .#$#. #........... oo.

.###########
#)# .<......
#o# .#######
#@# .# #.# .#
#.# .# #.#
.####### #.#
.......# #.#
######.# #.#
#.# #.#
#.#########.#


You could see an orc priest, an orc wizard and an orc.

Vanquished Creatures
  A scorpion (D:2)
  2 orc priests (D:3)
  An orc wizard (D:3)
  A gnoll (D:2)
  An adder (D:2)
  2 orcs (D:3)
  6 ball pythons
  7 bats
  5 endoplasms
  3 giant cockroaches
  4 goblins
  2 hobgoblins
  8 jackals (D:1)
  3 kobolds
  4 quokkas
  6 frilled lizards
  4 rats
60 creatures vanquished.

Notes
Turn   | Place    | Note
-------+----------+-------------------------------------------
     0 | D:1      | qw the Deep Elf Hunter began the quest for the Orb.
     0 | D:1      | Reached XP level 1. HP: 12/12 MP: 3/3
     0 | D:1      | 0 ||| qw: Version: 0.3-a-9-g12657ce
     0 | D:1      | 0 ||| qw: Game counter: 2778
     0 | D:1      | 0 ||| qw: Always use a shield: true
     0 | D:1      | 0 ||| qw: God list: Okawaru
     0 | D:1      | 0 ||| qw: Allow faded altars: false
     0 | D:1      | 0 ||| qw: Do Orc after D:15 true
     0 | D:1      | 0 ||| qw: Do second Lair branch before Depths: true
     0 | D:1      | 0 ||| qw: Lair rune preference: random
     0 | D:1      | 0 ||| qw: Plans: Normal
     0 | D:1      | 0 ||| PLANNING D:1-11
   107 | D:1      | Reached XP level 2. HP: 13/16 MP: 4/4
   108 | D:1      | 108 ||| Stepping ~*~*~tactically~*~*~ (outnumbered).
   112 | D:1      | Reached skill level 6 in Ranged Weapons
   122 | D:1      | HP: 4/16 [kobold/+0 short sword (1)]
   130 | D:1      | HP: 3/16 [jackal (2)]
   491 | D:1      | Reached XP level 3. HP: 20/20 MP: 5/5
   587 | D:1      | 587 ||| UPGRADING to +0 ring mail.
   597 | D:1      | 597 ||| DROPPING +0 leather armour.
   598 | D:1      | 598 ||| READING scroll labelled ERHIAC EJOIM.
   599 | D:1      | 599 ||| READING scroll labelled ZEROTISIAWK.
   604 | D:1      | 604 ||| READING scroll labelled KUZ TIACAH.
   605 | D:1      | 605 ||| DRINKING 3 fizzy yellow potions.
   606 | D:1      | 606 ||| DRINKING 2 bubbling dark potions.
   607 | D:1      | 607 ||| DRINKING 2 fizzy grey potions.
   608 | D:1      | 608 ||| DROPPING scroll of butterflies.
   801 | D:2      | Reached skill level 7 in Ranged Weapons
  1325 | D:2      | 1325 ||| READING scroll labelled PEARGH KUOGISK.
  1363 | D:3      | Noticed a scorpion
  1367 | D:3      | 1367 ||| STAIRDANCE
  1370 | D:2      | HP: 4/20 [scorpion (3)]
  1371 | D:2      | 1371 ||| READING 3 scrolls of teleportation.
  1371 | D:2      | HP: 1/20 [poisoned by a scorpion]
  1372 | D:2      | 1372 ||| DRINKING potion of heal wounds.
  1376 | D:2      | 1376 ||| DRINKING 3 potions of curing.
  1376 | D:2      | 1376 ||| (to cure poison)
  1400 | D:2      | Killed a scorpion
  1401 | D:2      | Reached skill level 8 in Ranged Weapons
  1401 | D:2      | Reached XP level 4. HP: 25/25 MP: 6/6
  1441 | D:3      | Found Exed's General Store.
  1450 | D:3      | 1450 ||| BUYING scroll of identify (28 gold).
  1450 | D:3      | Bought a scroll of identify for 28 gold pieces
  1502 | D:3      | Found a shimmering altar of Xom.
  1519 | D:3      | Found a shimmering altar of Xom.
  1520 | D:3      | Found a shimmering altar of Xom.
  1576 | D:3      | Reached XP level 5. HP: 29/29 MP: 7/7
  1628 | D:3      | 1628 ||| FLEEEEING.
  1629 | D:3      | 1629 ||| FLEEEEING.
  1633 | D:3      | 1633 ||| FLEEEEING.
  1634 | D:3      | 1634 ||| FLEEEEING.
  1635 | D:3      | 1635 ||| FLEEEEING.
  1636 | D:3      | 1636 ||| FLEEEEING.
  1650 | D:3      | Reached skill level 9 in Ranged Weapons
  1650 | D:3      | 1650 ||| DRINKING 2 potions of curing.
  1650 | D:3      | 1650 ||| (to cure confusion)
  1866 | D:3      | 1866 ||| Stepping ~*~*~tactically~*~*~ (outnumbered).
  1874 | D:3      | Slain by an orc priest

Levels and vault maps discovered:
D:1:      eino_arrival_cavern_b, layout_rooms
D:2:      minmay_wonky_spiral, layout_basic
D:3:      layout_loops_ring, xom_redecorated, serial_shops, shop

Skill      XL: |  1  2  3  4  5 |
---------------+----------------+-----
Ranged Weapons | 6 8 9 |  9.0
Fighting       | 2 |  2.0
Dodging        | |  2.4
Stealth        | |  1.2

Action                     |  1- 3 |  4- 6 || total
---------------------------+-------+-------++-------
   Fire: Shortbow          |   108 |    42 ||   150
    Use: Potion            |     5 |     1 ||     6
         Scroll            |     5 |       ||     5
 Armour: Leather armour    |     9 |       ||     9
         Ring mail         |     7 |     6 ||    13
  Dodge: Dodged            |    41 |     4 ||    45

Table legend:
 A = Non-vault XP
 B = Vault XP
 C = Vault XP percentage of total XP
 D = Non-vault monster count
 E = Vault monster count
 F = Vault count percentage of total count
                 A         B        C        D         E       F
            +---------+---------+-------+---------+---------+-------
      Total |     306 |      19 |   5.8 |      56 |       4 |   6.7
            +---------+---------+-------+---------+---------+-------
        D:1 |      43 |       0 |   0.0 |      26 |       0 |   0.0
        D:2 |     120 |      19 |  13.7 |      14 |       4 |  22.2
        D:3 |     143 |       0 |   0.0 |      16 |       0 |   0.0
            +---------+---------+-------+---------+---------+-------
